 Dungeon Crawl Stone Soup version 0.21-a0-513-gdcb3f5e (webtiles) character file.

98 slep the Chopper (level 4, -4/38 HPs)
             Began as a Minotaur Gladiator on Dec 3, 2017.
             Slain by djmy96's ghost (12 damage)
             ... on level 3 of the Dungeon.
             The game lasted 00:03:59 (1553 turns).

slep the Chopper (Minotaur Gladiator)               Turns: 1553, Time: 00:04:00

Health: -4/38      AC:  5    Str: 19    XL:     4   Next: 43%
Magic:  3/3        EV: 10    Int:  5    God:
Gold:   141        SH:  7    Dex: 12    Spells: 3/3 levels left

rFire    . . .     SeeInvis .   a - +0 war axe
rCold    . . .     Gourm    .   h - +0 shield
rNeg     . . .     Faith    .   b - +0 leather armour
rPois    .         Spirit   .   c - +0 hat
rElec    .         Reflect  .   n - +1 cloak {MR+}
rCorr    .         Harm     .   (no gloves)
MR       +....                  (no boots)
Stlth    +.........             (no amulet)
HPRegen  0.12/turn              (no ring)
MPRegen  0.08/turn              (no ring)

@: no status effects
A: retaliatory headbutt, horns 2
a: no special abilities


You were on level 3 of the Dungeon.
You were very hungry.

You visited 1 branch of the dungeon, and saw 3 of its levels.

You collected 141 gold pieces.

Inventory:

Hand Weapons
 a - a +0 war axe (weapon)
Missiles
 d - 3 throwing nets (quivered)
Armour
 b - a +0 leather armour (worn)
 c - a +0 hat (worn)
 h - a +0 shield (worn)
 n - a +1 cloak of magic resistance (worn)
Jewellery
 p - an uncursed ring of see invisible {unknown}
Scrolls
 e - a scroll of enchant weapon {unknown}
 g - a scroll of fog {unknown}
 i - 4 scrolls of identify {unknown}
 k - a scroll of noise {unknown}
Potions
 j - a potion of curing {unknown}
 m - a potion of heal wounds {unknown}
 o - a potion of haste {unknown}
Comestibles
 f - 4 bread rations
 l - a royal jelly


   Skills:
 + Level 3.0 Fighting
 + Level 4.5 Axes
 + Level 2.0 Throwing
 + Level 1.3 Armour
 + Level 4.3 Dodging
 + Level 0.8 Stealth
 + Level 0.5 Shields


You had 3 spell levels left.
You didn't know any spells.

Dungeon Overview and Level Annotations

Branches:
Dungeon (3/15)

Altars:

Annotations:
D:3 djmy96's ghost, amateur GrFi


Innate Abilities, Weirdness & Mutations

You reflexively headbutt those who attack you in melee.
You have a pair of horns on your head.


Message History

You hit djmy96's ghost.
Djmy96's ghost is heavily damaged.
Djmy96's ghost shouts, "You will join me soon!"
Djmy96's ghost hits you.
* * * LOW HITPOINT WARNING * * *
You slash djmy96's ghost!
Djmy96's ghost is severely damaged.
Djmy96's ghost barely misses you. Djmy96's ghost hits you.
* * * LOW HITPOINT WARNING * * *
You barely miss djmy96's ghost.
Djmy96's ghost is severely damaged.
Djmy96's ghost hits you.
* * * LOW HITPOINT WARNING * * *
You hit djmy96's ghost but do no damage.
Djmy96's ghost is severely damaged.
You block djmy96's ghost's attack.
You barely miss djmy96's ghost.
Djmy96's ghost is severely damaged.
Djmy96's ghost hits you!
You die...

## #. #. #. ##.# #W.#
# #@# # #.##.##.#
####### #....!..#####
#......
####.####...###.####.
#.####.#.......##.
#.....###.##.#^.(.
######.#.###.####.
##.## #.####. ###
#......


You could see djmy96's ghost.

Vanquished Creatures
  A howler monkey zombie (D:3)
  3 adders (D:2)
  An ooze (D:2)
  A worm (D:2)
  A leopard gecko (D:1)
  3 bats (D:1)
  A giant cockroach (D:2)
  10 goblins
  8 hobgoblins
  5 kobolds
  2 quokkas (D:2)
  A ball python (D:1)
  10 frilled lizards
  4 rats
51 creatures vanquished.

Notes
Turn   | Place    | Note
-------+----------+-------------------------------------------
     0 | D:1      | slep the Minotaur Gladiator began the quest for the Orb.
     0 | D:1      | Reached XP level 1. HP: 18/18 MP: 0/0
    98 | D:1      | Reached XP level 2. HP: 22/25 MP: 1/1
   547 | D:2      | Reached skill level 1 in Armour
   547 | D:2      | Reached XP level 3. HP: 24/30 MP: 2/2
   898 | D:2      | Reached XP level 4. HP: 36/37 MP: 3/3
  1539 | D:3      | Noticed djmy96's ghost (amateur GrFi)
  1553 | D:3      | Slain by djmy96's ghost

Vault maps used:
D:1:      roderic_crossed_star
D:2:      cheibrodos_helix_gallery

Skill      XL: |  1  2  3  4 |
---------------+-------------+-----
Axes           | 4 |  4.5
Dodging        | 4 |  4.3
Armour         | 1 |  1.3
Fighting       | 3 |  3.0
Throwing       | |  2.0
Stealth        | |  0.8
Shields        | |  0.5

Action                   |  1- 3 |  4- 6 || total
-------------------------+-------+-------++-------
Melee: War axe           |    73 |    32 ||   105
       Headbutt          |    12 |     4 ||    16
  Eat: Chunk             |       |     1 ||     1
Armor: Leather armour    |    15 |     3 ||    18
Dodge: Dodged            |    44 |    16 ||    60
Block: Shield            |    19 |    10 ||    29

Table legend:
 A = Spawn XP
 B = Non-spawn XP
 C = Spawn XP percentage of total XP
 D = Spawn monster count
 E = Non-spawn monster count
 F = Spawn count percentage of total count
 G = Total turns spent on level
                    A         B        C        D         E        F      G
               +---------+---------+-------+---------+---------+-------+---------
         Total |       0 |     140 |   0.0 |       0 |      51 |   0.0 |  1553
               +---------+---------+-------+---------+---------+-------+---------
           D:1 |       0 |      34 |   0.0 |       0 |      22 |   0.0 |   526
           D:2 |       0 |      88 |   0.0 |       0 |      27 |   0.0 |   944
           D:3 |       0 |      18 |   0.0 |       0 |       2 |   0.0 |    83
               +---------+---------+-------+---------+---------+-------+---------
